 Dungeon Crawl Stone Soup version 0.21.1-1-g345015f (webtiles) character file.

204 Iko the Cudgeler (level 5, -1/31 HPs)
             Began as a Tengu Gladiator on May 30, 2018.
             Splashed by a jelly's acid (4 damage)
             ... on level 6 of the Dungeon.
             The game lasted 00:08:12 (1027 turns).

Iko the Cudgeler (Tengu Gladiator)                  Turns: 1027, Time: 00:08:13

Health: -1/31      AC:  2    Str: 14    XL:     5   Next: 82%
Magic:  6/6        EV:  8    Int: 10    God:
Gold:   66         SH:  0    Dex: 15    Spells: 4/4 levels left

rFire    . . .     SeeInvis .   a - +0 flail
rCold    . . .     Gourm    .   (no shield)
rNeg     . . .     Faith    .   e - +0 chain mail
rPois    .         Spirit   .   b - +2 hat
rElec    .         Reflect  .   (no cloak)
rCorr    .         Harm     .   (no gloves)
MR       .....                  (boots unavailable)
Stlth    ..........             (no amulet)
HPRegen  0.10/turn              (no ring)
MPRegen  0.10/turn              (no ring)

@: lethally poisoned (-1 -> -3), corroded
A: beak, talons 3, able to fly 1
a: Fly


You were on level 6 of the Dungeon.
You were not hungry.

You visited 1 branch of the dungeon, and saw 5 of its levels.

You collected 66 gold pieces.

Inventory:

Hand Weapons
 a - a +0 flail (weapon)
 h - a +0 shortbow
Missiles
 d - a throwing net (quivered)
 i - 8 arrows
Armour
 b - a +2 hat (worn)
 e - a +0 chain mail (worn)
Scrolls
 g - a scroll of remove curse
Potions
 c - a potion of degeneration
Comestibles
 f - 3 rations


   Skills:
 + Level 2.7 Fighting
 + Level 5.1 Maces & Flails
 + Level 2.4 Throwing
 + Level 2.4 Armour
 + Level 4.0 Dodging
 + Level 0.4 Stealth


You had 4 spell levels left.
You didn't know any spells.

Dungeon Overview and Level Annotations

Branches:
Dungeon (6/15)
 Temple: D:4-7

Altars:

Annotations:
D:6 Eustachio


Innate Abilities, Weirdness & Mutations

You have a beak for a mouth.
You have claws for feet.
You can fly.


Message History

The quasit barely misses you.
The quasit claws you but does no damage. x2
The quokka twitches its whiskers.
The jelly barely misses you. The scorpion barely misses you.
The quasit closely misses you.
The quasit claws you but does no damage. x2
You feel sick. The jelly hits you. The acid corrodes you!
You are splashed with acid!
The acid burns!
* * * LOW HITPOINT WARNING * * *
The quasit bites you but does no damage.
The quasit claws you but does no damage. x2
You feel sick.
You completely miss the quasit. Your kick misses the quasit.
The quasit disappears in a puff of smoke!
You hit the jelly.
Your hands burn!
* * * LOW HITPOINT WARNING * * *
The jelly is lightly wounded.
The jelly hits you but does no damage. The jelly barely misses you.
You hit the jelly but do no damage. The acid corrodes you!
Your hands burn!
You die...

.##
###.....###..##
##..(..##...##
###.....#...######
##..............
##......#######
###...## ##..#
###.## #.#@# #.#J#
#.@5# #..## #..#
#..# # #...####.##
##........#
##........#


You could see Eustachio, a jelly and a quasit.

Vanquished Creatures
  A centaur (D:5)
  A hound (D:5)
  A worker ant (D:5)
  3 adders
  A shadow imp (D:6)
  An orc (D:5)
  A ball python (D:2)
  A giant cockroach (D:2)
  5 goblins
  2 hobgoblins (D:2)
  3 jackals (D:6)
  4 kobolds
  A quokka (D:2)
  5 bats
  A quokka zombie (D:5)
  7 rats
38 creatures vanquished.

Notes
Turn   | Place    | Note
-------+----------+-------------------------------------------
     0 | D:1      | Iko the Tengu Gladiator began the quest for the Orb.
     0 | D:1      | Reached XP level 1. HP: 12/12 MP: 2/2
   124 | D:1      | Reached XP level 2. HP: 17/17 MP: 3/3
   167 | D:2      | Reached skill level 4 in Maces & Flails
   167 | D:2      | Reached XP level 3. HP: 9/21 MP: 4/4
   747 | D:3      | You fall through a shaft for 2 floors!
   747 | D:5      | Entered Level 5 of the Dungeon
   761 | D:5      | Noticed a centaur
   766 | D:5      | Killed a centaur
   766 | D:5      | Reached skill level 1 in Armour
   766 | D:5      | Reached XP level 4. HP: 19/27 MP: 5/5
   766 | D:5      | Gained mutation: You can fly. [Tengu growth]
   766 | D:5      | Reached XP level 5. HP: 22/31 MP: 6/6
   774 | D:5      | Reached skill level 5 in Maces & Flails
   999 | D:6      | Noticed Eustachio
  1027 | D:6      | Splashed by a jelly's acid

Skill      XL: |  1  2  3  4  5 |
---------------+----------------+-----
Maces & Flails | 4 5 |  5.1
Armour         | 1 2 |  2.4
Dodging        | 4 |  4.0
Fighting       | |  2.7
Throwing       | |  2.4
Stealth        | |  0.4

Action                   |  1- 3 |  4- 6 || total
-------------------------+-------+-------++-------
Melee: Flail             |    95 |    44 ||   139
       Kick              |    18 |    14 ||    32
       Peck              |     7 |     5 ||    12
 Fire: Shortbow          |       |     5 ||     5
Throw: Throwing net      |     4 |       ||     4
  Use: Scroll            |     3 |       ||     3
       Potion            |     1 |     1 ||     2
 Stab: Held in net/web   |     2 |       ||     2
  Eat: Ration            |       |     1 ||     1
Armor: Leather armour    |     5 |       ||     5
       Chain mail        |    60 |    64 ||   124
Dodge: Dodged            |    39 |    40 ||    79
